 Dungeon Crawl Stone Soup version 0.18-a0-1041-gbe91bf5 (webtiles) character file.

48783 st0uf the Basher (level 14, -5/229 HPs)
             Began as an Ogre Berserker on Jan 10, 2016.
             Was a High Priest of Trog.
             Slain by Snorg (18 damage)
             ... on level 11 of the Dungeon.
             The game lasted 02:50:20 (24567 turns).

st0uf the Basher (Ogre Berserker)                  Turns: 24567, Time: 02:50:21

Health: -5/229     AC:  6    Str: 30    XL:     14   Next: 47%
Magic:  0/14       EV: 21    Int:  6    God:    Trog [*****.]
Gold:   1566       SH: 11    Dex: 13    Spells: 0 memorised, 13 levels left

rFire  + . .     SeeInvis .     J - +0 mace (crush)
rCold  . . .     Gourm    .     B - +2 robe {rF+}
rNeg   . . .     Faith    .     Z - +0 shield
rPois  .         Spirit   +     (helmet restricted)
rElec  .         Dismiss  .     k - +0 cloak
rCorr  .         Reflect  .     (gloves unavailable)
SustAt .         Harm     .     (boots unavailable)
MR     ++...                    a - amulet of guardian spirit
Stlth  ..........               F - +5 ring of evasion
                                v - ring of protection from magic

@: berserking (expiring), very quick, very resistant to hostile enchantments,
extremely unstealthy
A: unfitting armour, tough skin 1
a: Berserk, Trog's Hand, Brothers in Arms, Burn Spellbooks, Renounce Religion


You were on level 11 of the Dungeon.
You worshipped Trog.
Trog was extremely pleased with you.
You were hungry.

You visited 3 branches of the dungeon, and saw 20 of its levels.
You also visited: Ossuary.

You collected 1566 gold pieces.

Inventory:

Hand Weapons
 t - a +2 antimagic morningstar
 A - a +2 whip of freezing
 J - a +0 mace of crushing (weapon)
Missiles
 d - 296 stones
 i - 8 large rocks (quivered)
 u - 3 throwing nets
 R - 6 tomahawks
 V - 4 javelins of penetration
Armour
 k - a +0 cloak (worn)
 B - a +2 robe of fire resistance (worn)
 Z - a +0 shield (worn)
Jewellery
 a - an amulet of guardian spirit (around neck)
 f - an uncursed ring of protection from magic
 v - a ring of protection from magic (left hand)
 F - a +5 ring of evasion (right hand)
 L - an uncursed ring of resist corrosion
 T - an uncursed ring of poison resistance
Wands
 b - a wand of hasting (1/9)
 n - a wand of digging (11/24)
 w - a wand of invisibility (5/9)
Scrolls
 j - 2 scrolls of fear {unknown}
 l - 13 scrolls of teleportation
 m - 2 scrolls of immolation {unknown}
 o - 3 scrolls of noise {unknown}
 s - 5 scrolls of enchant armour {unknown}
 z - 4 scrolls of random uselessness {unknown}
 D - 8 scrolls of remove curse
 N - 2 scrolls of acquirement {unknown}
 P - 4 scrolls of blinking {unknown}
 X - a scroll of magic mapping
 Y - 2 scrolls of enchant weapon {unknown}
Potions
 e - 8 potions of curing
 g - a potion of invisibility
 C - 3 potions of haste
 G - 2 potions of cancellation
 H - 5 potions of brilliance
 M - 5 potions of resistance
 S - a potion of flight {unknown}
 W - 4 potions of agility
Comestibles
 c - 8 bread rations


   Skills:
 + Level 13.4 Fighting
 + Level 14.3 Maces & Flails
 + Level 12.1 Throwing
 + Level 12.7 Dodging
 + Level 7.2 Shields


You had 13 spell levels left.
You didn't know any spells.

Dungeon Overview and Level Annotations

Branches:
Dungeon (11/15)            Temple (1/1) D:5            Lair (8/8) D:9
 Shoals (0/4) Lair:4        Snake (0/4) Lair:5        Slime (0/6) Lair:7
    Orc: D:9-12

Altars:
Ashenzari
Cheibriados
Dithmenos
Elyvilon
Fedhas
Gozag
Kikubaaqudgha
Makhleb
Nemelex Xobeh
Okawaru
Pakellas
Qazlal
Ru
Sif Muna
Trog
Vehumet
Xom
Yredelemnul
Zin
The Shining One
Jiyva

Shops:
D:6 !

Annotations:
D:11 Harold, Snorg


Innate Abilities, Weirdness & Mutations

You are too large for most types of armour.
You have tough skin (AC +1).


Message History

Harold blinks!
Snorg goes berserk!
You hit Snorg.
Snorg is heavily wounded.
Your shield prevents you from hitting Snorg.
Snorg is heavily wounded.
You block Snorg's attack. x2
Snorg barely misses you.
You sock Snorg!
Snorg is severely wounded.
Snorg bites you!!
* * * LOW HITPOINT WARNING * * *
Snorg completely misses you. You block Snorg's attack.
You sock Snorg!
Snorg is severely wounded.
You block Snorg's attack. x3
You sock Snorg!
Snorg is almost dead.
You closely miss Snorg.
Snorg is almost dead.
Snorg bites you!!
You die...

...........>.).......Y........รท..
################(##############..
#(# #.. #(# #.. #(# #.. #T# #..
#Y# #.. #T# #.. #@# #..
.@............. ...
....$.......... ....
............... .....
############### ...... .......


You could see Snorg (berserk), Harold, a troll and an ice beast.

Vanquished Creatures
  A dire elephant (Lair:8)
  5 hydras
  A catoblepas (Lair:8)
  12 death yaks
  A deep troll shaman (Lair:8)
  A necromancer (Lair:3)
  Pikel (D:5)
  An oklob plant (Lair:7)
  12 elephants
  7 black mambas
  11 spiny frogs
  6 komodo dragons
  The ghost of Goblin1989 the Basher, a novice GrFi (D:5)
  2 fire drakes (Lair:7)
  2 polar bears
  13 blink frogs
  A slime creature (Lair:2)
  A snapping turtle (Lair:4)
  2 shadows
  3 spriggans
  30 yaks
  7 basilisks
  A wyvern (Lair:6)
  8 hippogriffs
  A hungry ghost (D:9)
  22 wolves
  2 nagas (Lair:5)
  11 water moccasins
  Duvessa (D:6)
  2 orc warriors
  11 porcupines
  The ghost of st0uf the Chucker, an amateur OgHu (D:3)
  2 sky beasts (D:9)
  2 phantoms (D:4)
  2 black bears
  3 ice beasts
  2 necrophages
  An ogre (D:4)
  4 centaurs
  14 crocodiles
  4 big kobolds
  10 giant frogs
  A wyvern skeleton (D:6)
  A water moccasin skeleton (D:7)
  Dowan (D:6)
  3 scorpions
  7 wights
  4 crimson imps
  10 jellies
  2 quasits
  A giant frog zombie (D:9)
  7 orc priests
  2 centaur skeletons
  6 hounds
  9 iguanas
  5 worker ants
  5 orc wizards
  2 polar bear simulacra (Lair:3)
  5 yak simulacra (Lair:3)
  2 wolf simulacra (Lair:3)
  A big kobold zombie (Ossuary)
  7 sheep (Lair:2)
  2 hound skeletons
  8 mummies (Ossuary)
  3 worker ant zombies (D:7)
  7 gnolls
  10 adders
  46 river rats
  A shadow imp (D:9)
  14 oozes
  3 worms
  8 giant geckos
  18 orcs
  11 bats
  6 giant cockroaches
  12 goblins
  11 hobgoblins
  7 jackals
  16 kobolds
  5 quokkas
  A ball python (D:4)
  A giant gecko skeleton (D:8)
  6 giant newts
  5 hobgoblin zombies (Ossuary)
  A kobold zombie (Ossuary)
  An orc zombie (Ossuary)
  12 rats
  2 river rat simulacra (Lair:3)
  A fungus (Lair:6)
  A plant (Lair:7)
525 creatures vanquished.

Vanquished Creatures (collateral kills)
  A gargoyle (D:10)
  An orc warrior (D:8)
  An orc priest (D:8)
  An orc (D:8)
4 creatures vanquished.

Vanquished Creatures (others)
  A centaur (D:5)
  A giant gecko (D:5)
  A bush (Lair:5)
  11 fungi
  8 plants
22 creatures vanquished.

Grand Total: 551 creatures vanquished

Notes
Turn   | Place    | Note
--------------------------------------------------------------
     0 | D:1      | st0uf the Ogre Berserker began the quest for the Orb.
     0 | D:1      | Reached XP level 1. HP: 24/24 MP: 1/1
    87 | D:1      | Reached XP level 2. HP: 29/32 MP: 2/2
   709 | D:1      | Reached XP level 3. HP: 40/40 MP: 3/3
   801 | D:2      | Reached ** piety under Trog
  1085 | D:2      | Reached skill level 1 in Throwing
  1231 | D:2      | Reached XP level 4. HP: 33/49 MP: 4/4
  2087 | D:2      | Reached skill level 5 in Maces & Flails
  2095 | D:2      | Found a sacrificial altar of Ru.
  2474 | D:3      | Noticed st0uf's ghost (amateur OgHu)
  2482 | D:3      | Killed st0uf's ghost
  2482 | D:3      | Reached skill level 5 in Fighting
  2482 | D:3      | Reached XP level 5. HP: 57/57 MP: 5/5
  2671 | D:3      | Reached XP level 6. HP: 56/66 MP: 6/6
  2810 | D:3      | Reached *** piety under Trog
  3245 | D:3      | Reached skill level 6 in Maces & Flails
  3600 | D:4      | Reached XP level 7. HP: 74/74 MP: 7/7
  4351 | D:4      | Reached skill level 5 in Dodging
  4660 | D:4      | Reached **** piety under Trog
  4925 | D:5      | Entered Level 5 of the Dungeon
  4946 | D:5      | Found a basalt altar of Yredelemnul.
  4981 | D:5      | Found a sparkling altar of Nemelex Xobeh.
  5013 | D:5      | Found a shimmering altar of Xom.
  5101 | D:5      | Found a staircase to the Ecumenical Temple.
  5211 | D:5      | Noticed Goblin1989's ghost (novice GrFi)
  5220 | D:5      | Killed Goblin1989's ghost
  5220 | D:5      | Reached XP level 8. HP: 84/84 MP: 8/8
  5250 | D:5      | Noticed Pikel
  5274 | D:5      | Killed Pikel
  5274 | D:5      | Reached skill level 7 in Fighting
  5274 | D:5      | Reached skill level 5 in Throwing
  5419 | D:5      | Found an oddly glowing altar of Pakellas.
  5424 | D:5      | Found a white marble altar of Elyvilon.
  5436 | D:5      | Found a stormy altar of Qazlal.
  5603 | Temple   | Entered the Ecumenical Temple
  5922 | D:6      | Noticed Duvessa
  5924 | D:6      | Noticed Dowan
  6019 | D:6      | Found Paeden's Distillery.
  6125 | D:6      | Reached XP level 9. HP: 68/94 MP: 9/9
  6954 | D:6      | Reached skill level 8 in Maces & Flails
  7069 | D:6      | Killed Dowan
  7074 | D:6      | Killed Duvessa
  7315 | D:7      | Found a glowing silver altar of Zin.
  7563 | D:7      | Found a sand-covered staircase.
  7573 | Ossuary  | Entered an ossuary
  8401 | D:7      | Reached skill level 9 in Maces & Flails
  8709 | D:8      | Found a radiant altar of Vehumet.
  8760 | D:8      | Reached XP level 10. HP: 88/106 MP: 10/10
  9015 | D:8      | Found a bloodstained altar of Trog.
  9497 | D:9      | Found an iron altar of Okawaru.
  9499 | D:9      | Found an opulent altar of Gozag.
  9736 | D:9      | Found a staircase to the Lair.
  9806 | D:9      | Received a gift from Trog
 10278 | D:9      | Reached skill level 10 in Maces & Flails
 10371 | D:10     | Entered Level 10 of the Dungeon
 11012 | D:10     | Noticed a gargoyle
 11109 | D:10     | Received a gift from Trog
 11329 | D:10     | Killed a gargoyle
 11329 | D:10     | Reached skill level 1 in Shields
 11980 | Lair:1   | Entered Level 1 of the Lair of Beasts
 12012 | Lair:1   | Reached skill level 10 in Fighting
 12277 | D:9      | Reached XP level 11. HP: 75/117 MP: 11/11
 13107 | Lair:1   | You fall through a shaft!
 13109 | Lair:2   | Reached skill level 11 in Maces & Flails
 13230 | Lair:2   | Received a gift from Trog
 13879 | Lair:2   | Reached ***** piety under Trog
 14479 | Lair:3   | Reached skill level 10 in Dodging
 14853 | Lair:3   | Noticed a necromancer
 14867 | Lair:3   | Received a gift from Trog
 14978 | Lair:3   | Noticed a seven-headed hydra
 14981 | Lair:3   | Killed a seven-headed hydra
 14981 | Lair:3   | Reached XP level 12. HP: 130/130 MP: 12/12
 15816 | Lair:4   | Reached skill level 12 in Maces & Flails
 15843 | Lair:4   | Noticed a seven-headed hydra
 15847 | Lair:4   | Killed a seven-headed hydra
 15869 | Lair:4   | Reached skill level 5 in Shields
 16315 | Lair:4   | Found a staircase to the Shoals.
 17080 | Lair:5   | Found a staircase to the Snake Pit.
 17831 | Lair:4   | Reached skill level 10 in Throwing
 18023 | Lair:5   | Received a gift from Trog
 18470 | Lair:5   | Received a gift from Trog
 18841 | Lair:5   | Reached XP level 13. HP: 67/140 MP: 7/13
 19710 | Lair:6   | Received a gift from Trog
 20632 | Lair:7   | Reached skill level 13 in Maces & Flails
 21006 | Lair:7   | Found a viscous altar of Jiyva.
 21006 | Lair:7   | Found a staircase to the Slime Pits.
 22037 | Lair:8   | Entered Level 8 of the Lair of Beasts
 22598 | Lair:8   | Reached XP level 14. HP: 90/150 MP: 2/14
 23340 | Lair:8   | Reached skill level 14 in Maces & Flails
 23528 | Lair:8   | Noticed a dire elephant
 23537 | Lair:8   | Killed a dire elephant
 23696 | Lair:8   | Received a gift from Trog
 23777 | Lair:7   | Got a brightly glowing trident
 23778 | Lair:7   | Identified the +6 trident "Ruetuf" {drain, rC+ Str+4 Int-3} (You found it on level 7 of the Lair of Beasts)
 23855 | Lair:4   | Got a twisted hand axe
 23856 | Lair:4   | Identified the +6 hand axe "Quics" {chop, +Inv rF+ MR- Dex+4} (You found it on level 4 of the Lair of Beasts)
 24021 | D:10     | Got a scorched trident
 24022 | D:10     | Identified the +5 trident "Miwimoqa" {freeze, *Confuse rElec rF+++ Str-2} (You found it on level 10 of the Dungeon)
 24503 | D:11     | Noticed Snorg
 24533 | D:11     | Noticed Harold
 24567 | D:11     | Slain by Snorg

Vault maps used:
D:1:      sevenhm_arrival_forest_fort_large_4
D:2:      lemuel_coloured_pillars_altar
D:3:      first_bread, amethyst_killhole, minmay_misc_feat_plants,
          glass_columns_a
D:4:      serial_park_tiny_1
D:5:      nicolae_overflow_hidden_temple, nemelex_deck, xom_teletrap_fun,
          minitemple, minmay_temple_entry_statues, uniq_pikel
D:6:      serial_shops, shop, minmay_unpleasant_kobolds, uniq_duvessa
D:7:      zin_statuary, nicolae_ossuary_entry_ruins
D:8:      lemuel_doored_altar, bloody_trog
D:9:      grunt_temple_overflow_open, lair_0_dummy, grunt_pizzeria,
          kennysheep_generic_room_16
D:11:     serial_shops, shop, shop, shop, uniq_harold, uniq_snorg
Temple:   jpeg_temple_alley_garden_8
Lair:1:   grunt_megastairs_5
Lair:2:   lemuel_slime, minivault_26
Lair:3:   eino_house_with_fridge, grunt_megastairs_1
Lair:4:   wad_woods_tower, minmay_shoals_entry_hut,
          cheibrodos_lair_caveside_slide, serial_bayou_shore_a
Lair:5:   guppyfry_snake_entry_island, grunt_megastairs_3
Lair:7:   dpeg_slime_entry_enclosed_altar, kennysheep_basilisk_garden
Lair:8:   grunt_lair_end_beastmaster
Ossuary:  ossuary_tomb_3

Action                   |  1- 3 |  4- 6 |  7- 9 | 10-12 | 13-15 || total
-------------------------+-------+-------+-------+-------+-------++-------
Melee: Mace              |   105 |   192 |   389 |  1018 |   120 ||  1824
       Whip              |       |       |    83 |       |    12 ||    95
       Morningstar       |       |       |       |       |   336 ||   336
Throw: Stone             |    87 |   124 |   285 |   186 |    15 ||   697
       Tomahawk          |       |       |     5 |    10 |   140 ||   155
       Javelin           |       |       |       |   126 |    51 ||   177
       Large rock        |       |       |       |    19 |    30 ||    49
Invok: Berserk           |     1 |     3 |     9 |     8 |     6 ||    27
       Trog's Hand       |       |     1 |     1 |     1 |       ||     3
       Brothers in Arms  |       |       |     2 |     1 |       ||     3
  Use: Scroll            |       |       |       |    21 |     3 ||    24
       Potion            |       |       |       |       |     1 ||     1
 Stab: Sleeping          |       |       |       |     1 |       ||     1
       Invisible         |       |       |       |       |     2 ||     2
  Eat: Chunk             |     2 |    10 |    24 |    34 |    23 ||    93
       Fruit             |       |       |     3 |     3 |     1 ||     7
       Royal jelly       |       |       |       |     1 |       ||     1
       Pizza             |       |       |       |     1 |       ||     1
       Bread ration      |       |       |       |     1 |       ||     1
